Map: Apotheosis LE

Players

Cool

  • Race: Protoss Protoss
  • League: Platinum

Voodoochilli - Winner!

  • Race: Terran Terran
  • League: Platinum

VOD

Have the link to the VOD?

Description

Time

  • Played on: Sept. 3, 2016, 2:15 p.m.
  • Length: 8:33
Show
View Real Time Build Order
Export as new Build Order

Cool Protoss 

Build Orders: Oracle Opening 

Get SALT Encoding   

  12  0:09  Pylon  
  12  0:13  Probe (Chrono Boost)  
  14  0:29  Gateway  
  14  0:31  Probe (Chrono Boost)  
  14  0:39  Assimilator  
  14  0:41  Probe (Chrono Boost)  
  15  0:52  Probe (Chrono Boost), Assimilator  
  16  1:03  Probe (Chrono Boost)  
  17  1:13  Probe (Chrono Boost)  
  17  1:17  Cybernetics Core  
  18  1:23  Pylon  
  18  1:26  Probe (Chrono Boost)  
  19  1:36  Probe (Chrono Boost)  
  21  1:53  Stargate  
  21  1:58  Mothership Core (Chrono Boost)  
  22  2:02  Stalker  
  24  2:13  Warp Gate  
  24  2:21  Pylon  
  25  2:23  Probe (Chrono Boost)  
  25  2:35  Probe (Chrono Boost)  
  25  2:36  Oracle  
  29  2:48  Probe (Chrono Boost)  
  30  3:01  Probe (Chrono Boost)  
  32  3:13  Probe (Chrono Boost)  
  32  3:16  Nexus  
  32  3:25  Probe (Chrono Boost)  
  31  3:38  Probe (Chrono Boost)  
  30  3:41  Oracle  
  32  3:50  Probe (Chrono Boost)  
  32  4:02  Probe (Chrono Boost)  
  32  4:14  Probe (Chrono Boost)  
  32  4:17  Robotics Facility  
  32  4:26  Probe (Chrono Boost)  
  33  4:39  Oracle  
  33  4:43  Probe (Chrono Boost)  
  30  4:45  Probe (Chrono Boost)  
  26  5:17  Probe (Chrono Boost)  
  26  5:18  Probe (Chrono Boost)  
  28  5:27  Observer  
  30  5:30  Probe (Chrono Boost)  
  23  6:15  Zealot  
  23  6:17  Probe (Chrono Boost)  
  26  6:23  Probe (Chrono Boost)  
  27  6:26  Immortal  
  27  6:59  Probe (Chrono Boost)  
  27  7:00  Probe (Chrono Boost)  
  29  7:09  Probe (Chrono Boost)  
  29  7:12  Probe (Chrono Boost)  
  30  7:20  Probe (Chrono Boost)  
  29  7:34  Mothership Core (Chrono Boost)  
  27  7:53  Zealot  
  27  7:54  Probe (Chrono Boost)  
  28  8:10  Mothership Core (Chrono Boost)  
Show
View Real Time Build Order
Export as new Build Order

Voodoochilli Terran - Winner!

Build Orders:  

Get SALT Encoding   

  12  0:00  SCV  
  13  0:13  SCV  
  14  0:17  Supply Depot  
  14  0:25  SCV  
  15  0:37  Refinery  
  15  0:39  SCV  
  16  0:50  Barracks  
  16  0:51  SCV  
  17  1:03  SCV  
  18  1:10  Supply Depot  
  18  1:15  SCV  
  19  1:31  SCV  
  20  1:40  Marine  
  20  1:46  Orbital Command  
  21  1:50  Factory  
  21  2:03  Marine  
  21  2:04  Bunker  
  22  2:11  SCV  
  23  2:21  Marine, Engineering Bay  
  24  2:24  SCV  
  25  2:36  SCV  
  26  2:39  Marine  
  27  2:46  Supply Depot  
  27  2:48  SCV  
  28  2:53  Widow Mine  
  28  2:57  Supply Depot  
  30  3:00  SCV  
  30  3:05  Missile Turret  
  31  3:21  Command Center  
  31  3:22  Widow Mine  
  31  3:42  SCV  
  31  3:45  Marine  
  33  3:50  Widow Mine  
  33  3:54  Barracks  
  35  4:07  Marine  
  35  4:09  Barracks  
  36  4:11  Terran Infantry Weapons Level 1  
  36  4:12  Supply Depot  
  36  4:15  SCV  
  37  4:19  Widow Mine  
  39  4:27  SCV  
  39  4:28  Marine  
  39  4:30  Supply Depot  
  41  4:44  SCV  
  42  4:46  Marine, Orbital Command  
  42  4:48  Widow Mine  
  42  4:51  Supply Depot  
  45  4:56  SCV  
  46  5:09  Marine x2, SCV  
  46  5:14  Barracks Tech Lab  
  49  5:16  Widow Mine  
  47  5:27  Marine  
  48  5:31  Orbital Command  
  48  5:35  Marine, Refinery  
  49  5:40  Barracks Reactor  
  47  5:45  Marine  
  47  5:46  Supply Depot  
  47  5:47  Barracks  
  48  5:51  Barracks  
  48  6:11  Widow Mine  
  46  6:12  Marine x2  
  50  6:29  SCV  
  50  6:30  Marine, Refinery  
  50  6:31  Marauder  
  54  6:35  Missile Turret  
  54  6:36  Marine x2  
  54  6:37  Missile Turret  
  56  6:40  Widow Mine  
  58  6:52  Marine, Marauder  
  58  6:54  Marine x3  
  61  6:59  SCV  
  61  7:00  Starport  
  65  7:06  Marine  
  64  7:10  Marine  
  64  7:11  Marine, SCV  
  64  7:12  Marine x2  
  64  7:13  Marine  
  68  7:23  Marine, SCV  
  68  7:28  Marine  
  68  7:29  Marine x2  
  72  7:30  Marine  
  72  7:31  Marauder  
  76  7:41  Marine  
  75  7:45  Marine  
  75  7:47  Marine x3  
  79  7:53  Marauder  
  79  7:59  Marine  
  74  8:10  Marine x2  
  74  8:11  Marine  
  74  8:12  Marine  
  79  8:27  Bunker  
Tags
 
Add a new tag
Caveats
  • Supply blocks, unpowered buildings, or Contaminate may cause inaccurate times.
  • Supply counts are checked every 10 seconds.